 Dungeon Sprint DCSS version 0.18.1-50-g88ac8fd (webtiles) character file.

780 Kagutsuchi the Fighter (level 7, 0/73 HPs)
             Began as a Purple Draconian Berserker on Oct 21, 2016.
             Was a Believer of Trog.
             Slain by a blink frog (11 damage)
             ... in the Dungeon (Sprint II: "The Violet Keep of Menkaure").
             The game lasted 00:03:52 (273 turns).

Kagutsuchi the Fighter (Purple Draconian Berserker)  Turns: 273, Time: 00:03:53

Health: 0/73       AC:  6    Str: 20    XL:     7   Next: 55%
Magic:  7/7        EV: 17    Int:  7    God:    Trog [**....]
Gold:   13         SH:  0    Dex: 12    Spells: 0 memorised, 6 levels left

rFire  . . .     SeeInvis .     a - +0 falchion
rCold  . . .     Gourm    .     (armour unavailable)
rNeg   . . .     Faith    .     (no shield)
rPois  .         Spirit   .     (helmet restricted)
rElec  .         Dismiss  .     (no cloak)
rCorr  .         Reflect  .     (no gloves)
SustAt .         Harm     .     (no boots)
MR     +....     Clarity  +     (no amulet)
Stlth  +......... NoTele   +    (no ring)
                                (no ring)

@: short of breath, somewhat resistant to hostile enchantments, very unstealthy
A: breathe power, unfitting armour, berserk 1, clarity, high mp 1, cold-blooded,
AC +6
a: Breathe Dispelling Energy, Berserk, Trog's Hand, Burn Spellbooks, Renounce
Religion


You were in the Dungeon.
You worshipped Trog.
Trog was pleased with you.
You were not hungry.

You visited 1 branch You collected 486 gold pieces.
You spent 473 gold pieces at shops.

Inventory:

Hand Weapons
 a - a +0 falchion (weapon)
Scrolls
 h - a scroll of blinking
Potions
 e - a potion of haste
 f - 2 potions of magic
 g - a potion of berserk rage
Comestibles
 b - a bread ration


   Skills:
 + Level 10.9 Fighting
 + Level 9.9 Long Blades
 + Level 9.6 Dodging
 + Level 0.2 Stealth


You had 6 spell levels left.
You didn't know any spells.

Dungeon Overview and Level Annotations

Branches:
Dungeon (1/1)

Altars:

Shops:
D ![:}?!**:=}[(!=%

Annotations:
D exclusion: oklob plant


Innate Abilities, Weirdness & Mutations

You can breathe bolts of dispelling energy.
Your rich purple scales are hard (AC +6).
Your body does not fit into most forms of armour.
You are cold-blooded and may be slowed by cold attacks.
You tend to lose your temper in combat.
You possess an exceptional clarity of mind.
You have an increased reservoir of magic (+10% MP).


Message History

The blink frog hits you.
* * * LOW HITPOINT WARNING * * *
The blink frog blinks!
The blink frog barely misses you.
Press: ? - help, Shift-Dir - straight line, f/p - blink frog
Aim: a blink frog (severely wounded)
You breathe a bolt of dispelling energy.
The bolt of dispelling energy misses the blink frog.
The blink frog completely misses you.
Your unstable footing causes you to fumble your attack.
The blink frog misses you. The blink frog hits you!
* * * LOW HITPOINT WARNING * * *
You hit the blink frog.
The blink frog is almost dead.
The blink frog closely misses you.
You closely miss the blink frog. You tail-slap the blink frog.
The blink frog is almost dead.
The blink frog blinks!
The blink frog hits you!
You die...

##∩.....∩.#≈≈≈≈##. .##
##.∩...∩.∩#≈≈≈≈#..#..#
##∩.∩.∩.∩.#≈≈####...#
##.∩.∩.∩..#≈##.###†##
##..∩.∩...#≈#...##.##
##...⌠....'≈'.#)'.<.+
##........#≈#...##.##
#▓▓▓▓▓▓▓###F##.###+#
##(.G######≈@###
#$.G#hh ##≈≈≈#
#∩P%+h$#+ #'#≈#
#)..#%##S##.#≈≈#
#)$.###§§§### ≈≈≈
##+###§≈§≈ +++# §


You could see a blink frog.

Vanquished Creatures
  A siren (D)
  Menkaure (D)
  4 necrophages (D)
6 creatures vanquished.

Vanquished Creatures (others)
  A crocodile (D)
1 creature vanquished.

Grand Total: 7 creatures vanquished

Notes
Turn   | Place    | Note
--------------------------------------------------------------
     0 | D        | Kagutsuchi the Draconian Berserker began the quest for the Orb.
     0 | D        | Reached XP level 1. HP: 19/19 MP: 1/1
     1 | D        | Noticed a siren
    13 | D        | Killed a siren
    13 | D        | Reached skill level 9 in Fighting
    13 | D        | Reached XP level 2. HP: 13/37 MP: 2/2
    13 | D        | Reached XP level 3. HP: 15/42 MP: 3/3
    13 | D        | Reached XP level 4. HP: 18/50 MP: 4/4
    13 | D        | Reached XP level 5. HP: 20/57 MP: 5/5
    13 | D        | Reached XP level 6. HP: 23/63 MP: 6/6
    42 | D        | Reached skill level 10 in Fighting
    53 | D        | Your scales start taking on a rich purple colour.
    53 | D        | Reached XP level 7. HP: 21/72 MP: 7/7
   108 | D        | Found Tyudud's Jewellery Emporium.
   108 | D        | Found Ynuobloss's Antique Armour Emporium.
   108 | D        | Found Waunn's Distillery.
   108 | D        | Found Zith's Book Shoppe.
   108 | D        | Found Miss's Gadget Shoppe.
   109 | D        | Found Suggyc's Assorted Antiques.
   109 | D        | Found Saschaur's Food Emporium.
   109 | D        | Found Hizab's Antique Weapon Shoppe.
   109 | D        | Found Qyaps's Jewellery Shoppe.
   110 | D        | Found Rewemoown's Assorted Antiques.
   110 | D        | Found Nuutyl's Distillery.
   110 | D        | Noticed a shining eye
   112 | D        | Found Hibruux's Magic Scroll Emporium.
   112 | D        | Found Zetacher's Gadget Shoppe.
   112 | D        | Noticed Menkaure
   112 | D        | Noticed a shining eye
   112 | D        | Noticed a shining eye
   112 | D        | Noticed an oklob plant
   113 | D        | Found Fap Aby's Antique Armour Shoppe.
   113 | D        | Found Ymon's Book Shoppe.
   113 | D        | Found Tiekkust's Distillery.
   114 | D        | Noticed a slime creature
   115 | D        | Noticed a slime creature
   115 | D        | Noticed a slime creature
   122 | D        | Bought a potion of curing for 33 gold pieces
   122 | D        | Bought a potion of curing for 33 gold pieces
   122 | D        | Bought a potion of heal wounds for 55 gold pieces
   122 | D        | Bought a potion of curing for 33 gold pieces
   122 | D        | Bought a potion of curing for 33 gold pieces
   122 | D        | Bought a potion of heal wounds for 55 gold pieces
   132 | D        | Killed Menkaure
   132 | D        | Reached ** piety under Trog
   171 | D        | Bought a potion of curing for 42 gold pieces
   171 | D        | Bought a potion of curing for 42 gold pieces
   171 | D        | Bought a potion of curing for 42 gold pieces
   171 | D        | Bought a potion of heal wounds for 70 gold pieces
   171 | D        | Bought a potion of mutation for 35 gold pieces
   171 | D        | Gained mutation: You have an increased reservoir of magic (+10% MP). [potion of mutation]
   171 | D        | Gained mutation: You tend to lose your temper in combat. [potion of mutation]
   171 | D        | Gained mutation: You possess an exceptional clarity of mind. [potion of mutation]
   188 | D        | Noticed a blink frog
   213 | D        | HP: 3/73 [blink frog (10)]
   273 | D        | Slain by a blink frog

Skill      XL: |  1  2  3  4  5  6  7 |
---------------+----------------------+-----
Fighting       | 9 10 | 10.9
Long Blades    | 8 9 |  9.9
Dodging        | 7 8 9 |  9.6
Stealth        | |  0.2

Action                   |  1- 3 |  4- 6 |  7- 9 || total
-------------------------+-------+-------+-------++-------
Melee: Falchion          |    10 |    26 |    27 ||    63
       Tailslap          |     3 |     4 |     6 ||    13
Invok: Berserk           |     1 |       |     1 ||     2
 Abil: Breathe Dispellin |       |       |     2 ||     2
  Use: Potion            |       |     2 |    11 ||    13
  Eat: Bread ration      |       |       |     1 ||     1
Armor: Skin              |       |     2 |     4 ||     6
Dodge: Dodged            |     4 |    18 |    35 ||    57
